[Event "Early-Titled-Tuesday-Blitz-May-14-2024"]
[Site "Chess.com"]
[Date "2024.05.14"]
[Round "11"]
[White "Mikhail_Bryakin"]
[Black "Sanyura"]
[Result "0-1"]
[WhiteElo "2861"]
[BlackElo "2661"]
[TimeControl "180+1"]
[EndTime "10:09:54 PDT"]
[Termination "Sanyura won by resignation"]

1. Nf3 d5 2. e3 c6 3. b3 Bg4 4. Bb2 Nd7 5. Be2 Ngf6 6. O-O g6 7. h3 Bxf3 8. Bxf3 Bg7 9. d3 O-O 10. Nd2 e5 11. e4 Re8 12. a4 a6 13. g3 b5 14. Bg2 bxa4 15. Rxa4 Nc5 16. Ra1 dxe4 17.
Nxe4 Nfxe4 18. dxe4 Qb6 19. Qe2 Red8 20. Rfd1 Ne6 21. Qc4 Nd4 22. Kh2 h5 23. h4 Ne6 24.
Rd3 Rxd3 25. Qxd3 Qxf2 26. Rf1 Qc5 27. Qd7 Ra7 28. Qd3 Qe7 29. Rd1 a5 30. Bh3 Nd4 31. Bg2 a4 32. bxa4 Rxa4 33. c3 Ne6 34. Qc2 Ra2 35. Qb3 Qa7 36. Rd2 Nc5 37. Qc4 Kh7 38. Bf3 Ne6 39. Kg2 Qe3 40. Re2 Qa7 41. Bc1 Rxe2+ 42.
Qxe2 Qa1 43. Qd2 Nc5 44. Qb2 Qa4 45. Qe2 Nb3 46. Qc2 Qc4 47. Be3 Nd4 48. Qd2 Nxf3 49. Kxf3 Qf1+ 50. Qf2 Qh1+ 51. Qg2 Qb1 52. Qe2 Qh1+ 53.
Qg2 Qd1+ 54. Qe2 Qd7 55. Kf2 f5 56. exf5 Qxf5+ 57. Qf3 Qc2+ 58. Qe2 Qxc3 59. Kg2 e4 60. Bf4 Qd3 61. Qa2 c5 62. Qf7 e3 63. Qe6 e2 64.
Qe7 Qd5+ 65. Kf2 Qd1 66. Qxe2 Bd4+ 67. Kf3 Qxe2+ 68. Kxe2 Kg7 69. Kd3 Kf6 70. Ke4 Ke6 71.
Bb8 Bf6 72. Bf4 Be7 73. Be3 Bd6 74. Bf2 Bc7 75. Be1 c4 76. Kd4 Kf5 77. Kxc4 Kg4 78. Kd5 Bxg3 79. Ba5 Bxh4 80. Ke4 g5 81. Ke3 Bg3 82. Ke2 Kh3 83. Kf1 g4 84. Bd8 Bh2 85. Ke2 g3 86. Bb6 g2 87. Kf2 g1=Q+ 0-1

[Event "Early-Titled-Tuesday-Blitz-May-14-2024"]
[Site "Chess.com"]
[Date "2024.05.14"]
[Round "11"]
[White "Likvidator228"]
[Black "azikom"]
[Result "1-0"]
[WhiteElo "2554"]
[BlackElo "2695"]
[TimeControl "180+1"]
[EndTime "10:10:10 PDT"]
[Termination "Likvidator228 won on time"]

1. d4 d5 2. Bf4 c6 3. e3 Qb6 4. b3 Bf5 5. Nf3 e6 6. c3 Nd7 7. Bd3 Ngf6 8. O-O Be7 9. c4 Ne4 10. h3 O-O 11. Qc2 a5 12. Nbd2 Nxd2 13. Nxd2 Bxd3 14.
Qxd3 Ba3 15. Rab1 Qa6 16. e4 Bb4 17. Nf3 Nf6 18. exd5 cxd5 19. Be5 Ne4 20. Rbc1 Rfc8 21. Rc2 h6 22. Rfc1 Ba3 23. Rd1 a4 24. Nd2 Ng5 25.
Bf4 Be7 26. Bxg5 Bxg5 27. Nf3 Be7 28. Ne5 Bd6 29. f4 axb3 30. axb3 Qa3 31. c5 Bxe5 32.
fxe5 Qb4 33. Qc3 Qb5 34. Qd3 Qxd3 35. Rxd3 Ra1+ 36. Kf2 Rb1 37. Rdd2 Rxb3 38. Rb2 Rxb2 39. Rxb2 Rc7 40. Ra2 f6 41. exf6 gxf6 42. Ke3 Kf7 43. g4 Kg6 44. Ra8 Re7 45. Rg8+ Kf7 46. Rh8 Kg7 47. Rd8 Kg6 48. Kf4 e5+ 49. Ke3 exd4+ 50. Kxd4 Re4+ 51. Kxd5 Re3 52. Rg8+ Kf7 53. Rh8 Kg7 54.
Rb8 Rb3 55. Kd6 Kg6 56. Rg8+ Kf7 57. Rh8 Kg7 58. Rb8 Kg6 59. Rg8+ Kh7 60. Rb8 h5 61. gxh5 Kh6 62. Rh8+ Kg5 63. h6 Kg6 64. h7 Rxh3 65. Ke6 Re3+ 66. Kd6 Rd3+ 67. Ke6 Re3+ 68. Kd6 Kg7 69.
Rb8 Kxh7 70. Rxb7+ Kg6 71. c6 Rd3+ 72. Ke6 Re3+ 73.
Kd7 Rd3+ 74. Ke7 Re3+ 75. Kd8 Rd3+ 76. Rd7 Rc3 77. c7 f5 78. c8=Q Rxc8+ 79. Kxc8 Kg5 80. Kc7 f4 81. Kd6 Kg4 82. Ke5 f3 83. Ke4 f2 84.
Rf7 Kg3 85. Ke3 1-0

[Event "Early-Titled-Tuesday-Blitz-May-14-2024"]
[Site "Chess.com"]
[Date "2024.05.14"]
[Round "11"]
[White "Msb2"]
[Black "Grischuk"]
[Result "0-1"]
[WhiteElo "3069"]
[BlackElo "3140"]
[TimeControl "180+1"]
[EndTime "10:10:55 PDT"]
[Termination "Grischuk won by checkmate"]

1. d4 d5 2. c4 c6 3. Nf3 Nf6 4. Nc3 dxc4 5. e4 b5 6. Qc2 e6 7. Be2 Bb7 8. O-O Nbd7 9. b3 b4 10. e5 Nd5 11. Bg5 Qc7 12. Nxd5 cxd5 13. bxc4 dxc4 14.
Bxc4 Bd5 15. Nd2 h6 16. Be3 Be7 17. Rfc1 Qb7 18. Bxd5 Qxd5 19. Qc6 Qxc6 20. Rxc6 Nb6 21.
Rac1 Nd5 22. Ne4 Kd7 23. Ra6 Rhc8 24. Nc5+ Bxc5 25. dxc5 Rc6 26. Ra5 a6 27. Kf1 Rc7 28. Bd2 Kc6 29. Ke2 Rb7 30. Kd3 Rb5 31. Rxb5 Kxb5 32. Kd4 Rd8 33. Ke4 Ne7 34. Be3 Nc6 35.
f4 a5 36. g4 a4 37. h4 b3 38.
axb3 axb3 39. h5 Kb4 40. g5 b2 41. Rb1 Kc3 42. f5 Rd5 43. f6 Rxe5+ 44. Kf3 gxf6 45.
gxh6 Rxh5 46. Kg4 Rxh6 47. Bxh6 Kc2 48. Rxb2+ Kxb2 49. Bg7 Kc3 50. Bxf6+ Kc4 51. Kg5 Kxc5 52. Kh6 Kd6 53. Kg7 Ne5 54. Bg5 Kd5 55. Kf6 Ke4 56.
Bc1 Nd3 57. Ba3 Ne5 58. Bb2 Nc4 59. Bc1 Nd6 60. Ba3 Kd5 61. Bb2 Kc6 62. Ba1 Kd7 63.
Bb2 Ke8 64. Ba3 Ne4+ 65. Ke5 Nc3 66. Bb2 Nd5 67. Ba3 Kd7 68. Bf8 f6+ 69. Ke4 Ke8 70.
Ba3 Kf7 71. Bb2 Ne7 72. Kf4 Ng6+ 73. Ke4 f5+ 74. Kd4 Ke7 75. Kc5 Kd7 76. Bc3 Nf4 77. Ba1 Nd5 78. Kd4 Kd6 79. Bb2 e5+ 80. Kc4 Ke6 81. Kc5 f4 82. Kc4 Ne3+ 83. Kd3 Kd5 84. Bc1 Nc4 85. Kc3 Nd6 86. Kd3 Ke6 87.
Ke2 Kf5 88. Ba3 Nc4 89. Bf8 e4 90. Bc5 Ne5 91. Bd6 Ng4 92. Bb8 f3+ 93. Kd2 e3+ 94.
Kd3 e2 95. Kd2 Ke4 96. Bg3 Ne3 97. Ke1 Nc4 98. Bh4 Ne5 99. Kd2 Nd3 100. Bg3 e1=Q+ 101. Bxe1 Nxe1 102. Kd1 Nd3 103. Kd2 Nf4 104. Ke1 Nd5 105. Kf2 Kf4 106. Kf1 Ke3 107. Ke1 f2+ 108. Kf1 Nc3 109. Kg2 Ke2 110. Kg3 f1=Q 111. Kg4 Qf8 112. Kg5 Ke3 113. Kg6 Ke4 114. Kh5 Qg8 115. Kh4 Kf4 116. Kh5 Qg5# 0-1

[Event "Early-Titled-Tuesday-Blitz-May-14-2024"]
[Site "Chess.com"]
[Date "2024.05.14"]
[Round "11"]
[White "Kirill_Klukin"]
[Black "Lion-Al-Messi"]
[Result "1/2-1/2"]
[WhiteElo "2830"]
[BlackElo "2616"]
[TimeControl "180+1"]
[EndTime "10:11:03 PDT"]
[Termination "Game drawn - insufficient material"]

1. d4 Nf6 2. Nf3 b6 3. e3 Bb7 4.
Bd3 e6 5. O-O c5 6. c4 cxd4 7.
exd4 Be7 8. Nc3 O-O 9. d5 d6 10. dxe6 fxe6 11. Ng5 Qc8 12. Re1 e5 13. Nce4 Nbd7 14.
b3 Qc6 15. f3 h6 16. Nxf6+ Nxf6 17. Ne4 Rad8 18. Ba3 Qc7 19. Nxf6+ Bxf6 20. Be4 Bc8 21.
Qd3 Kh8 22. Rad1 Be7 23. Rf1 Rf6 24. Rd2 Rdf8 25. Rfd1 Qd7 26. Qe2 Qd8 27. Rd3 Ba6 28.
Qd2 b5 29. Rxd6 Bxd6 30. Bxd6 bxc4 31. Bxf8 Qxf8 32. bxc4 Bxc4 33. Rc1 Qc5+ 34. Qf2 Qxf2+ 35. Kxf2 Be6 36. Rc5 Kg8 37. a4 Bb3 38. Rxe5 Bxa4 39.
Ra5 Bc6 40. Bxc6 Rxc6 41. Rxa7 Kh7 42. h4 Rc2+ 43. Kg3 Rc4 44. Ra5 Rb4 45. Rc5 Rd4 46. Rf5 Kg6 47. Rf4 Rd2 48. Re4 Kf6 49. Kh3 Ra2 50. Rb4 Kf7 51. h5 Kf6 52. g3 Ra3 53.
Kg4 Ra5 54. f4 Kf7 55. Rb6 Rc5 56. Rb7+ Kf6 57. Rb8 Kf7 58. Rb4 Ra5 59. Re4 Kf6 60. Rd4 Kf7 61. Kh4 Kf6 62. Rc4 Kf7 63. Rc6 Ra1 64.
Rd6 Rh1+ 65. Kg4 Ra1 66. Rd5 Ra6 67. Rf5+ Ke7 68. Kh4 Ra3 69. Rb5 Ra4 70. Kg4 Ra3 71.
Rc5 Kf6 72. Rc6+ Kf7 73. Rb6 Ke7 74. Rb5 Kf6 75. Rb6+ Kf7 76. Rb7+ Kf6 77. Rb4 Rc3 78. Rb2 Ra3 79. Rc2 Kf7 80. Rd2 Kf6 81. Rd6+ Ke7 82.
Rg6 Kf7 83. Rc6 Rb3 84. Rc5 Rb6 85. Kf5 Rf6+ 86. Ke5 Re6+ 87. Kd4 Re1 88. Re5 Rg1 89. Re3 Rh1 90. Ke4 Rxh5 91. Kf3 Ra5 92. Rd3 Kf6 93. Rb3 h5 94. Rb6+ Kf7 95. Rb3 Ra4 96.
Rc3 g6 97. Rc7+ Kf6 98. Rc6+ Kg7 99. Rc3 Kh6 100. Rd3 Rb4 101. Rc3 Ra4 102. Re3 Rb4 103. Rd3 Ra4 104. g4 hxg4+ 105. Kxg4 Ra1 106. Rd6 Rg1+ 107. Kf3 Rf1+ 108. Kg3 Rg1+ 109. Kf2 Ra1 110. f5 Ra2+ 111. Ke3 Ra3+ 112. Ke2 Ra2+ 113. Kd1 Ra1+ 114. Kc2 Ra2+ 115. Kb3 Rg2 116. fxg6 Rxg6 117. Rxg6+ Kxg6 1/2-1/2